 Dungeon Crawl Stone Soup version 0.22.0-16-gc6d26f69f9 (webtiles) character file.

79 Kniotic the Conjurer (level 3, -1/26 HPs)
             Began as a Demigod Conjurer on Aug 18, 2018.
             Killed from afar by Sigmund (10 damage)
             ... with a puff of flame
             ... on level 2 of the Dungeon.
             The game lasted 00:02:08 (1841 turns).

Kniotic the Conjurer (Demigod Conjurer)             Turns: 1841, Time: 00:02:09

Health: -1/26      AC:  2    Str: 11    XL:     3   Next: 97%
Magic:  5/10       EV: 12    Int: 21    God:
Gold:   73         SH:  0    Dex: 16    Spells: 6/7 levels left

rFire    . . .     SeeInvis .   k - +1 dagger (elec)
rCold    . . .     Gourm    .   (no shield)
rNeg     . . .     Faith    .   a - +0 robe
rPois    .         Spirit   .   (no helmet)
rElec    .         Reflect  .   (no cloak)
rCorr    .         Harm     .   (no gloves)
MR       .....                  (no boots)
Stlth    ++........             (no amulet)
HPRegen  0.08/turn              i - ring of wizardry
MPRegen  0.12/turn              (no ring)

@: no status effects
A: high mp 1
a: no special abilities


You were on level 2 of the Dungeon.
You were not hungry.

You visited 1 branch of the dungeon, and saw 2 of its levels.

You collected 73 gold pieces.

Inventory:

Hand Weapons
 k - a +1 dagger of electrocution (weapon)
Armour
 a - a +0 robe (worn)
Jewellery
 i - a ring of wizardry (left hand)
Scrolls
 b - 2 scrolls of blinking {unknown}
 d - a scroll of identify {unknown}
 e - 2 scrolls of teleportation {unknown}
 f - a scroll of random uselessness {unknown}
 h - 2 scrolls of fog {unknown}
 m - a scroll of fear {unknown}
 q - 2 scrolls of remove curse {unknown}
Potions
 g - a potion of degeneration {unknown}
 j - a potion of lignification {unknown}
 l - a potion of resistance {unknown}
 n - a potion of curing {unknown}
 o - a potion of invisibility {unknown}
 r - a potion of haste {unknown}
Comestibles
 c - 4 rations
 p - a chunk of flesh


   Skills:
 - Level 1.7 Dodging
 - Level 1.7 Stealth
 + Level 2.9 Spellcasting
 + Level 4.4 Conjurations


You had 6 spell levels left.
You knew the following spells:

 Your Spells              Type           Power        Failure   Level  Hunger
a - Magic Dart            Conj           ###.         1%          1    None

Your spell library contained the following spells:

 Spells                   Type           Power        Failure   Level  Hunger
 Iskenderun's Mystic Bla  Conj           ###.....     9%          4    ####...
 Fulminant Prism          Conj/Hex       ##........   21%         4    ####...
 Dazzling Spray           Conj/Hex       ##....       6%          3    ###....
 Force Lance              Conj/Tloc      ##......     21%         4    ####...
 Searing Ray              Conj           ###...       1%          2    ##.....


Dungeon Overview and Level Annotations

Branches:
Dungeon (2/15)

Annotations:
D:2 Sigmund


Innate Abilities, Weirdness & Mutations

You have an increased reservoir of magic. (+10% MP)


Message History

Aiming: Magic Dart (safe; 1% risk of failure)
Press: ? - help, Shift-Dir - straight line, f/p - Sigmund
Aim: Sigmund, wielding a scythe and wearing a robe (heavily wounded)
The magic dart hits Sigmund.
Sigmund is severely wounded.
Sigmund hits you from afar with a scythe!
Casting: Magic Dart (safe; 1% risk of failure)
Confirm with . or Enter, or press ? or * to list all spells.
Aiming: Magic Dart (safe; 1% risk of failure)
Press: ? - help, Shift-Dir - straight line, f/p - Sigmund
Aim: Sigmund, wielding a scythe and wearing a robe (severely wounded)
The magic dart hits Sigmund.
Sigmund is severely wounded.
Sigmund points at you and mumbles some strange words.
The magic dart hits you! Sigmund casts a spell at you.
You resist with some effort.
Sigmund points at you and mumbles some strange words.
The puff of flame hits you!
You die...

#### ### ##### #.. ..###
##... #.# #.##. ...
###.###### #.##.###.###.#.
#........#####.##.##.K.K....
#.#>##.............#.#####..
#.#.##.#.##.##.###.#.#
#.#.##.#.<.@....@K...#
#.#.##.####.##.###.#.#
#.#.##.# #.##.# #.#.#####
#.#.##.# #.##.# #......).
#.#.##.####.##.# #########
#.#........#...#
#.##.######.#### #.##.# #.#
#.##.## #.############


You could see Sigmund and a kobold.

Vanquished Creatures
  3 adders (D:2)
  A worm (D:2)
  4 dart slugs
  A leopard gecko (D:1)
  7 bats
  A giant cockroach (D:1)
  4 goblins
  2 hobgoblins
  6 jackals
  4 kobolds
  A quokka (D:2)
  A ball python (D:1)
  4 frilled lizards
  A rat (D:1)
40 creatures vanquished.

Notes
Turn   | Place    | Note
-------+----------+-------------------------------------------
     0 | D:1      | Kniotic the Demigod Conjurer began the quest for the Orb.
     0 | D:1      | Reached XP level 1. HP: 14/14 MP: 5/5
   349 | D:1      | Reached XP level 2. HP: 20/20 MP: 4/7
   545 | D:1      | Reached skill level 4 in Conjurations
  1214 | D:2      | Reached XP level 3. HP: 25/26 MP: 4/9
  1226 | D:2      | Noticed Sigmund
  1390 | D:2      | Found an opulent altar of Gozag.
  1841 | D:2      | Killed from afar by Sigmund

Skill      XL: |  1  2 |
---------------+-------+-----
Spellcasting   | 2 |  2.9
Conjurations   | 4 |  4.4
Dodging        | |  1.7
Stealth        | |  1.7

Action                   || total
-------------------------++-------
Melee: Unarmed           ||    14
       Dagger            ||     6
 Cast: Magic Dart        ||    96
  Eat: Chunk             ||     3
Armor: Robe              ||     7
Dodge: Dodged            ||    23
